 Dungeon Crawl Stone Soup version 0.22-a0-406-g9ff8d77 (webtiles) character file.

3006 Borgoz the Cleaver (level 9, 0/56 HPs)
             Began as a Gargoyle Abyssal Knight on May 8, 2018.
             Was an Elder of Lugonu.
             Hit by a tomahawk thrown by an orc warrior (12 damage)
             ... on level 7 of the Dungeon.
             The game lasted 00:12:00 (7545 turns).

Borgoz the Cleaver (Gargoyle Abyssal Knight)        Turns: 7545, Time: 00:12:00

Health: 0/56       AC: 15    Str: 16    XL:     9   Next: 84%
Magic:  11/11      EV: 13    Int: 13    God:    Lugonu [****..]
Gold:   454        SH:  0    Dex: 15    Spells: 8/8 levels left

rFire    . . .     SeeInvis .   a - +1 hand axe
rCold    . . .     Gourm    .   (no shield)
rNeg     + . .     Faith    .   i - +3 ring mail
rPois    ∞         Spirit   .   (no helmet)
rElec    +         Reflect  .   (no cloak)
rCorr    .         Harm     .   (no gloves)
MR       +....                  (no boots)
Stlth    +.........             k - amulet of the acrobat
HPRegen  0.18/turn              w - +3 ring of dexterity
MPRegen  0.12/turn              n - ring of protection from magic

@: no status effects
A: negative energy resistance 1, electricity resistance, unbreathing,
petrification resistance, rot immunity, AC +6
a: Depart the Abyss, Bend Space, Banish, Corrupt, Renounce Religion


You were on level 7 of the Dungeon.
You worshipped Lugonu.
Lugonu was greatly pleased with you.
You were not hungry.

You visited 2 branches of the dungeon, and saw 8 of its levels.
You visited the Abyss 1 time.

You collected 454 gold pieces.

Inventory:

Hand Weapons
 a - a +1 hand axe (weapon)
 y - a +2 whip of electrocution
Missiles
 o - 4 throwing nets (quivered)
Armour
 i - a +3 ring mail (worn)
Jewellery
 e - an uncursed ring of fire
 k - an amulet of the acrobat (around neck)
 n - a ring of protection from magic (right hand)
 w - a +3 ring of dexterity (left hand)
Wands
 d - a wand of clouds (5)
 t - a wand of flame (23)
Scrolls
 b - a scroll of remove curse
 j - a scroll of magic mapping
 l - a scroll of fear {unknown}
 p - a scroll of fog {unknown}
 r - a scroll of enchant weapon {unknown}
 s - 2 scrolls of teleportation {unknown}
 x - 2 scrolls of identify
Potions
 f - a potion of heal wounds
 g - 2 potions of might
 h - a potion of berserk rage
 m - a potion of lignification
 q - 2 potions of agility
 u - 2 potions of resistance
 v - a potion of brilliance {unknown}
 z - a potion of mutation {unknown}
Comestibles
 c - 11 rations


   Skills:
 + Level 6.9 Fighting
 + Level 8.8 Axes
 + Level 6.4 Armour
 + Level 3.7 Dodging
 + Level 2.7 Invocations
 + Level 1.5 Evocations


You had 8 spell levels left.
You didn't know any spells.

Dungeon Overview and Level Annotations

Branches:
Dungeon (7/15)             Temple (1/1) D:5

Altars:
Fedhas
Hepliaklqana
Kikubaaqudgha
Nemelex Xobeh
Okawaru
Ru
Uskayaw
Yredelemnul
The Shining One
Jiyva

Annotations:
D:6 2 transporters


Innate Abilities, Weirdness & Mutations

You are resistant to torment.
Your stone body is resilient. (AC +6)
You are immune to poison.
You resist negative energy. (rN+)
You are resistant to electric shocks. (rElec)
You can survive without breathing.
You are immune to petrification.
You are immune to rotting.


Message History

You hit the orc warrior.
The orc warrior is severely wounded.
You hit the orc warrior but do no damage.
The orc warrior is severely wounded.
The orc warrior hits you with a battleaxe!
* * * LOW HITPOINT WARNING * * *
The orc warrior throws a tomahawk.
The tomahawk completely misses you.
The orc warrior throws a tomahawk.
The tomahawk misses you.
The orc warrior throws a tomahawk.
The tomahawk hits you but does no damage.
You see here a tomahawk.
Press: ? - help, Shift-Dir - straight line, f - orc warrior
Aim: an orc warrior, wielding a battleaxe and wearing a chain mail (severely wounded, chance to defeat MR: 81%)
You fail to use your ability.
The orc warrior throws a tomahawk.
The tomahawk barely misses you.
Press: ? - help, Shift-Dir - straight line, f/p - orc warrior
Aim: an orc warrior, wielding a battleaxe and wearing a chain mail (severely wounded, chance to defeat MR: 81%)
You fail to use your ability.
The orc warrior throws a tomahawk.
The tomahawk hits you!
You die...

#... .... #... ...
#...####.# #........#
#....)o..# #....)...#
#......#.# ..#
#..[...#.#
##.########.....@#.#
#................#.#
#................#.#
#...............(#.#
#..................#
...................#
...(...........##..##
.(........#.......>.#
..........#.........#


You could see an orc warrior.

Vanquished Creatures
  The ghost of Borgoz the Chopper, a novice GrAK of Lugonu (D:6)
  Pikel (D:7)
  2 yaks (D:6)
  A black bear (D:6)
  2 slaves (D:7)
  A phantom (D:6)
  An ice beast (D:6)
  2 ogres
  2 centaurs (D:7)
  A bullfrog (D:6)
  6 killer bees (D:7)
  3 howler monkeys
  A centaur zombie (D:7)
  2 hounds
  2 orc priests
  2 bullfrog skeletons
  2 orc wizards (D:7)
  5 worker ants
  A hound zombie (D:7)
  A hound skeleton (D:6)
  7 gnolls
  7 adders
  An ooze (D:2)
  2 adder skeletons
  An adder zombie (D:5)
  4 dart slugs
  3 leopard geckos
  16 orcs
  3 ball pythons
  5 giant cockroaches
  6 goblins
  13 hobgoblins
  13 jackals
  3 quokkas
  7 bats
  5 frilled lizards
  10 kobolds
  3 rats
148 creatures vanquished.

Vanquished Creatures (others)
  A yak (D:6)
1 creature vanquished.

Grand Total: 149 creatures vanquished

Notes
Turn   | Place    | Note
-------+----------+-------------------------------------------
     0 | Abyss:1  | Borgoz the Gargoyle Abyssal Knight began the quest for the Orb.
     0 | Abyss:1  | Reached XP level 1. HP: 14/14 MP: 2/2
    65 | Abyss:2  | Found a hide-covered altar of Uskayaw.
    92 | Abyss:2  | Noticed a rakshasa
   104 | Abyss:2  | Noticed a shadow demon
   105 | Abyss:2  | Noticed a ynoxinul
   105 | Abyss:2  | Noticed a large abomination
   105 | D:1      | Escaped the Abyss
   134 | D:1      | Reached skill level 2 in Axes
   156 | D:1      | Reached * piety under Lugonu
   260 | D:1      | Reached XP level 2. HP: 18/19 MP: 3/3
   550 | D:1      | Reached XP level 3. HP: 6/24 MP: 4/4
  1399 | D:2      | Reached skill level 1 in Dodging
  1439 | D:2      | Reached XP level 4. HP: 26/29 MP: 5/5
  1463 | D:2      | Reached skill level 3 in Axes
  1574 | D:2      | Reached ** piety under Lugonu
  1727 | D:2      | Found a sparkling altar of Nemelex Xobeh.
  2234 | D:3      | Reached XP level 5. HP: 33/33 MP: 6/6
  2648 | D:3      | Reached *** piety under Lugonu
  3007 | D:4      | Reached skill level 4 in Axes
  3007 | D:4      | Reached XP level 6. HP: 37/39 MP: 7/7
  3696 | D:5      | Entered Level 5 of the Dungeon
  4349 | D:5      | Found a staircase to the Ecumenical Temple.
  4364 | D:5      | Reached skill level 5 in Axes
  4364 | D:5      | Reached XP level 7. HP: 44/44 MP: 8/8
  4472 | Temple   | Entered the Ecumenical Temple
  5000 | D:6      | Found a transporter.
  5000 | D:6      | Noticed a kobold demonologist
  5014 | D:6      | Noticed a yak
  5014 | D:6      | Noticed a yak
  5014 | D:6      | Noticed a yak
  5298 | D:6      | Reached skill level 5 in Fighting
  5459 | D:6      | Noticed Borgoz's ghost (novice GrAK)
  5488 | D:6      | Killed Borgoz's ghost
  5488 | D:6      | Reached skill level 6 in Axes
  5488 | D:6      | Reached skill level 5 in Armour
  5488 | D:6      | Reached XP level 8. HP: 31/50 MP: 9/9
  5567 | D:6      | HP: 2/50 [ice beast (14)]
  5914 | D:6      | Found a transporter.
  5970 | D:7      | Reached skill level 7 in Axes
  6004 | D:7      | Reached XP level 9. HP: 43/55 MP: 10/10
  6016 | D:7      | Noticed Pikel
  6332 | D:6      | Reached skill level 8 in Axes
  6477 | D:6      | Noticed a kobold demonologist
  6712 | D:7      | Reached skill level 1 in Evocations
  7094 | D:7      | Reached **** piety under Lugonu
  7159 | D:7      | Killed Pikel
  7545 | D:7      | Hit by a tomahawk thrown by an orc warrior

Vault maps used:
D:1:      evilmike_arrival_crescent
D:2:      cheibrodos_helix_gallery, first_ration, minmay_misc_feat_chi,
          nemelex_dance_club_becter
D:5:      minmay_temple_entry_statues_pillars
D:6:      gammafunk_wand_slinger
D:7:      minitemple, uniq_pikel
Temple:   pf_slimified_temple

Skill      XL: |  1  2  3  4  5  6  7  8  9 |
---------------+----------------------------+-----
Axes           | 2 3 4 5 6 7 8 |  8.8
Dodging        | 1 2 3 |  3.7
Fighting       | 4 5 6 |  6.9
Armour         | 3 5 6 |  6.4
Evocations     | 1 |  1.5
Invocations    | |  2.7

Action                   |  1- 3 |  4- 6 |  7- 9 || total
-------------------------+-------+-------+-------++-------
Melee: Hand axe          |   122 |   227 |   287 ||   636
Invok: Depart the Abyss  |     1 |       |       ||     1
       Bend Space        |       |     2 |       ||     2
       Banish            |       |       |     1 ||     1
Evoke: Wand              |       |     1 |    20 ||    21
  Use: Scroll            |       |       |     9 ||     9
       Potion            |       |       |     7 ||     7
  Eat: Chunk             |     1 |    10 |    11 ||    22
Armor: Leather armour    |    28 |       |       ||    28
       Ring mail         |    44 |   121 |   194 ||   359
Dodge: Dodged            |    96 |   174 |   235 ||   505

Table legend:
 A = Spawn XP
 B = Non-spawn XP
 C = Spawn XP percentage of total XP
 D = Spawn monster count
 E = Non-spawn monster count
 F = Spawn count percentage of total count
 G = Total turns spent on level
                    A         B        C        D         E        F      G
               +---------+---------+-------+---------+---------+-------+---------
         Total |       0 |    4295 |   0.0 |       0 |     147 |   0.0 |  7545
               +---------+---------+-------+---------+---------+-------+---------
           D:1 |       0 |      56 |   0.0 |       0 |      28 |   0.0 |  1276
           D:2 |       0 |      84 |   0.0 |       0 |      24 |   0.0 |   749
           D:3 |       0 |     149 |   0.0 |       0 |      27 |   0.0 |   797
           D:4 |       0 |     224 |   0.0 |       0 |       6 |   0.0 |  1153
           D:5 |       0 |     263 |   0.0 |       0 |      13 |   0.0 |  1004
           D:6 |       0 |    1951 |   0.0 |       0 |      27 |   0.0 |  1643
           D:7 |       0 |    1568 |   0.0 |       0 |      22 |   0.0 |   714
               +---------+---------+-------+---------+---------+-------+---------
